 Dungeon Sprint DCSS version 0.17-a0-1719-g1afd5a1 (webtiles) character file.

74565 Kidiri the Imperceptible (level 14, -20/53 HPs)
             Began as a Spriggan Enchanter on Aug 27, 2015.
             Was the Champion of Dithmenos.
             Shot with an arrow by a deep elf master archer (35 damage)
             ... in the Dungeon (Sprint III: "The Ten Rune Challenge").
             The game lasted 00:30:55 (5927 turns).

Kidiri the Imperceptible (Spriggan Enchanter)       Turns: 5927, Time: 00:30:56

Health: -20/53     AC:  6    Str:  4    XL:     14   Next: 5%
Magic:  42/46      EV: 42    Int: 20    God:    Dithmenos [******]
Gold:   2454       SH:  0    Dex: 23    Spells: 11 memorised, 23 levels left

rFire  . . .     SeeInvis +     b - +6 quick blade
rCold  + + .     Clarity  .     f - +1 robe {rC+ rF+}
rNeg   . . .     SustAt   .     (shield restricted)
rPois  +         Gourm    .     d - +2 hat {SInv}
rElec  .         Spirit   .     (no cloak)
rCorr  .         Warding  .     (gloves unavailable)
rMut   .         NoTele   +     (boots unavailable)
MR     ++...                    (no amulet)
Stlth  ++++++++++               (no ring)
                                B - ring of the Lost Wishes {rPois rF- MP+9 Dex+3}

@: wreathed by umbra, very quick, very resistant to hostile enchantments,
uncannily stealthy
A: unfitting armour, talons 1, repulsion field 1, icy blue scales 1, thin
skeletal structure 1, see invisible, cold resistance 1, herbivore 3, speed 3,
frail 1, slow healing 1, slow metabolism 2
a: Shadow Step, Shadow Form, Renounce Religion
}: 2/10 runes: serpentine, barnacled


You were in the Dungeon.
You worshipped Dithmenos.
Dithmenos was exalted by your worship.
You were not hungry.

You visited 1 branch You collected 2454 gold pieces.

Inventory:

Hand weapons
 b - a +6 quick blade (weapon)
Missiles
 c - 10 throwing nets (quivered)
Armour
 d - a +2 hat of see invisible (worn)
 f - a +1 robe of resistance (worn)
 s - a +2 robe of cold resistance
 v - a +1 robe of resistance
 w - a +1 robe of cold resistance
 x - a +1 robe of poison resistance
Jewellery
 B - the ring of the Lost Wishes (left hand) {rPois rF- MP+9 Dex+3}
   (You took it off a deep elf high priest in the Dungeon)

   [ring of magical power]

   It affects your dexterity (+3).
   It makes you vulnerable to fire.
   It protects you from poison.
   It affects your magic capacity (+9).
Magical devices
 a - a wand of slowing (39)
 m - a wand of teleportation (3)
Scrolls
 j - 2 scrolls of blinking
 q - a scroll of enchant weapon {unknown}
 C - 3 scrolls of amnesia {unknown}
 G - a scroll of silence {unknown}
Potions
 e - 2 potions of curing
 g - a potion of haste
 h - a potion of magic
 i - a potion of berserk rage
 k - 3 potions of cure mutation
 l - a potion of might
 p - 2 potions of flight
 t - a potion of invisibility {unknown}
 u - a potion of mutation
Comestibles
 o - 25 royal jellies
 r - 10 fruits


   Skills:
 + Level 12.6 Short Blades
 * Level 21.5 Dodging
 * Level 23.1 Stealth
 * Level 18.6 Spellcasting
 + Level 9.2 Conjurations
 + Level 14.3 Hexes
 + Level 14.9 Charms
 + Level 14.8 Translocations
 + Level 9.9 Ice Magic
 - Level 2.4 Invocations


You had 23 spell levels left.
You knew the following spells:

 Your Spells              Type           Power        Failure   Level  Hunger
a - Corona                Hex            ######.      0%          1    None
b - Ensorcelled Hibernat  Hex/Ice        ######       1%          2    None
c - Confuse               Hex            ######..     1%          3    None
d - Tukima's Dance        Hex            ######..     1%          3    None
e - Dazzling Spray        Conj/Hex       ######..     1%          3    None
f - Apportation           Tloc           ######....   0%          1    None
g - Blink                 Tloc           N/A          0%          2    None
h - Shroud of Golubria    Chrm/Tloc      ######....   0%          2    None
i - Portal Projectile     Tloc           ######       1%          3    None
j - Teleport Other        Tloc           ######..     1%          3    None
k - Passage of Golubria   Tloc           N/A          1%          4    None


Dungeon Overview and Level Annotations

Branches:
Dungeon (1/1)

Altars:
Cheibriados
Dithmenos
Elyvilon
Fedhas
Gozag
Kikubaaqudgha
Makhleb
Nemelex Xobeh
Okawaru
Qazlal
Ru
Sif Muna
Trog
Vehumet
Xom
Yredelemnul
Zin
The Shining One
Jiyva
Lugonu

Shops:
D ?=[?(!=[!*%=?%}(*}:


Innate Abilities, Weirdness & Mutations

You are tiny and cannot use many weapons and most armour.
You have supernaturally acute eyesight.
You are a herbivore.
You cover ground extremely quickly.
You need consume almost no food.
You have sharp toenails.
You are surrounded by a mild repulsion field (EV +2).
You are partially covered in icy blue scales (AC +1).
You have a somewhat thin skeletal structure (Dex +2, Stealth).
Your flesh is cold resistant.
You are frail (-10% HP).
You heal slowly when monsters are visible.


Message History

Your shadow mimicks your spell!
The deep elf master archer resists with almost no effort.
The deep elf master archer shoots an arrow.
The arrow misses you.
Casting: Ensorcelled Hibernation
Confirm with . or Enter, or press ? or * to list all spells.
Aiming: Dazzling Spray
Press: ? - help, Shift-Dir - straight line, f/p - deep elf master archer
Aim: a deep elf master archer, wielding a longbow, wearing a shiny chain mail and wearing a moonstone ring (umbra)
The spray of energy hits the deep elf master archer.
The deep elf master archer is lightly wounded.
The deep elf master archer shoots an arrow.
The arrow hits you!!!
Ouch! That really hurt!
* * * LOW HITPOINT WARNING * * *
You emit a cloud of dark smoke.
The deep elf master archer shoots an arrow.
The arrow hits you!!
Ouch! That really hurt!
You die...

▓▓▓ ### #.########### ###
#∩####....['=#...# ...'
#.....)...##.#.§.##≈≈≈≈#
#..[))...###.#.§@≈≈≈....
#..[)[)...##.#..§##≈≈≈≈#
#...##..#..#.'...# .e.'
#..#.####..####### ###
#'###########################
#....#)#)#)....#......+...≈≈#
##.#.)#.##.###.#......#...≈≈###
'##.#.#.##.#).##......#...≈≈≈≈#
#...#..#..##.[+.......#...≈≈≈≈#


You could see a deep elf master archer.

Vanquished Creatures
  Sigmund (D)
  Rupert (D)
  Polyphemus (D)
  Gastronok (D)
  A greater naga (D)
  Ilsuiw (D)
  Maud (D)
  2 deep elf demonologists (D)
  2 dire elephants (D)
  A deep elf annihilator (D)
  A merfolk javelineer (D)
  Erolcha (D)
  A fire dragon (D)
  2 deep elf high priests (D)
  2 anacondas (D)
  A naga warrior (D)
  4 dancing weapons (D)
  A centaur warrior (D)
  4 death yaks (D)
  3 orc high priests (D)
  A deep elf knight (D)
  A spriggan druid (D)
  A sea snake (D)
  A lindwurm (D)
  A death drake (D)
  An obsidian statue (D)
  3 deep elf conjurers (D)
  A guardian serpent (D)
  An ugly thing (D)
  2 elephants (D)
  3 black mambas (D)
  Edmund (D)
  2 spiny frogs (D)
  A komodo dragon (D)
  A fire drake (D)
  2 wandering mushrooms (D)
  A queen bee (D)
  4 spriggan defenders (D)
  3 deep elf priests (D)
  8 blink frogs (D)
  A slime creature (D)
  2 trapdoor spiders (D)
  A slime creature (shapeshifter) (D)
  2 spriggans (D)
  4 redbacks (D)
  A shadow (D)
  A spatial vortex (D)
  3 water moccasins (D)
  2 hill giants (D)
  2 nagas (D)
  A swamp drake (D)
  A necrophage (D)
  3 two-headed ogres (D)
  2 brain worms (D)
  A water elemental (D)
  A scorpion (D)
  32 killer bees (D)
  4 orc wizards (D)
  A wizard (D)
  A jelly (D)
  2 orc priests (D)
  Jessica (D)
  A necromancer (D)
  3 humans (D)
  3 sheep (D)
  A kobold demonologist (D)
  6 adders (D)
  13 orcs (D)
  2 rats (D)
  A ballistomycete (D)
  2 crawling corpses (D)
  3 plants (D)
175 creatures vanquished.

Vanquished Creatures (others)
  2 draconian scorchers (D)
  2 hydras (D)
  3 yaktaurs (D)
  A wandering mushroom (D)
  An electric eel (D)
  A giant spore (D)
  5 plants (D)
15 creatures vanquished.

Grand Total: 190 creatures vanquished

Notes
Turn   | Place    | Note
--------------------------------------------------------------
     0 | D        | Kidiri the Spriggan Enchanter began the quest for the Orb.
     0 | D        | Reached XP level 1. HP: 9/9 MP: 5/5
    47 | D        | Killed a yaktaur
   110 | D        | Noticed Jessica
   113 | D        | Killed Jessica
   113 | D        | Reached skill level 5 in Dodging
   113 | D        | Reached skill level 6 in Stealth
   113 | D        | Reached XP level 2. HP: 13/13 MP: 6/8
   117 | D        | Learned a level 2 spell: Ensorcelled Hibernation
   151 | D        | Reached skill level 7 in Stealth
   151 | D        | Reached XP level 3. HP: 12/16 MP: 7/10
   180 | D        | Learned a level 3 spell: Confuse
   184 | D        | Learned a level 3 spell: Tukima's Dance
   192 | D        | Killed a white draconian scorcher
   213 | D        | Killed a white draconian scorcher
   239 | D        | Noticed a scorpion
   250 | D        | Killed a scorpion
   250 | D        | Reached skill level 8 in Stealth
   250 | D        | Reached skill level 5 in Spellcasting
   250 | D        | Reached skill level 5 in Hexes
   250 | D        | Reached skill level 1 in Ice Magic
   250 | D        | Reached XP level 4. HP: 21/21 MP: 8/12
   297 | D        | Learned a level 3 spell: Dazzling Spray
   301 | D        | Gained mutation: You have a pair of small horns on your head. [potion of mutation]
   301 | D        | Gained mutation: You have sharp toenails. [potion of mutation]
   301 | D        | Gained mutation: You are surrounded by a mild repulsion field (EV +2). [potion of mutation]
   302 | D        | Lost mutation: You have a pair of small horns on your head. [potion of mutation]
   302 | D        | Gained mutation: You are frail (-10% HP). [potion of mutation]
   302 | D        | Gained mutation: You have a somewhat thin skeletal structure (Dex +2, Stealth). [potion of mutation]
   342 | D        | Noticed a water elemental
   344 | D        | Killed a water elemental
   344 | D        | Reached skill level 1 in Conjurations
   344 | D        | Reached XP level 5. HP: 15/21 MP: 12/14
   420 | D        | Noticed a jelly
   421 | D        | Noticed a shadow
   423 | D        | Killed a shadow
   423 | D        | Reached skill level 9 in Dodging
   423 | D        | Reached skill level 10 in Stealth
   423 | D        | Reached XP level 6. HP: 25/25 MP: 14/17
   425 | D        | Killed a jelly
   460 | D        | Found a stormy altar of Qazlal.
   461 | D        | Found a sacrificial altar of Ru.
   461 | D        | Found a burning altar of Makhleb.
   461 | D        | Found a viscous altar of Jiyva.
   461 | D        | Found a shimmering altar of Xom.
   461 | D        | Found a shadowy altar of Dithmenos.
   461 | D        | Found a sparkling altar of Nemelex Xobeh.
   461 | D        | Found a corrupted altar of Lugonu.
   461 | D        | Found an opulent altar of Gozag.
   461 | D        | Noticed a spatial vortex
   465 | D        | Became a worshipper of Dithmenos the Shadowed
   469 | D        | Killed a spatial vortex
   469 | D        | Reached skill level 5 in Short Blades
   469 | D        | Reached skill level 11 in Stealth
   469 | D        | Reached skill level 1 in Invocations
   484 | D        | Killed a yaktaur
   627 | D        | Found a radiant altar of Vehumet.
   628 | D        | Found a deep blue altar of Sif Muna.
   628 | D        | Found an ancient bone altar of Kikubaaqudgha.
   628 | D        | Noticed a wizard
   629 | D        | Killed a wizard
   629 | D        | Reached skill level 10 in Dodging
   642 | D        | Learned a level 1 spell: Apportation
   645 | D        | Learned a level 2 spell: Blink
   648 | D        | Learned a level 2 spell: Shroud of Golubria
   652 | D        | Learned a level 3 spell: Portal Projectile
   660 | D        | Found a glowing silver altar of Zin.
   661 | D        | Found a glowing golden altar of the Shining One.
   661 | D        | Found a white marble altar of Elyvilon.
   661 | D        | Noticed a deep elf priest
   663 | D        | Killed a deep elf priest
   663 | D        | Reached XP level 7. HP: 28/28 MP: 18/20
   671 | D        | Learned a level 3 spell: Teleport Other
   679 | D        | Found an iron altar of Okawaru.
   680 | D        | Found a bloodstained altar of Trog.
   680 | D        | Noticed a human
   680 | D        | Noticed a human
   682 | D        | Killed a human
   682 | D        | Reached skill level 12 in Stealth
   683 | D        | Killed a human
   683 | D        | Acquired Dithmenos's first power
   699 | D        | Found a snail-covered altar of Cheibriados.
   699 | D        | Noticed a necrophage
   700 | D        | Found a basalt altar of Yredelemnul.
   700 | D        | Found a blossoming altar of Fedhas.
   700 | D        | Noticed a necromancer
   701 | D        | Killed a necrophage
   701 | D        | Reached XP level 8. HP: 32/32 MP: 22/22
   702 | D        | Killed a necromancer
   720 | D        | Noticed a two-headed ogre
   720 | D        | Noticed a two-headed ogre
   724 | D        | Killed a two-headed ogre
   724 | D        | Reached skill level 10 in Spellcasting
   726 | D        | Killed a two-headed ogre
   729 | D        | Noticed a two-headed ogre
   730 | D        | Killed a two-headed ogre
   730 | D        | Acquired Dithmenos's second power
   730 | D        | Reached skill level 13 in Stealth
   735 | D        | Noticed a hill giant
   738 | D        | Killed a hill giant
   744 | D        | Noticed a hill giant
   744 | D        | Noticed Erolcha
   746 | D        | Killed Erolcha
   746 | D        | Reached skill level 14 in Stealth
   746 | D        | Reached skill level 5 in Charms
   746 | D        | Reached skill level 5 in Translocations
   746 | D        | Reached XP level 9. HP: 35/35 MP: 23/25
   747 | D        | Killed a hill giant
   753 | D        | Gained mutation: You heal slowly when monsters are visible. [potion of mutation]
   753 | D        | Gained mutation: You are partially covered in icy blue scales (AC +1). [potion of mutation]
   753 | D        | Gained mutation: Your flesh is cold resistant. [potion of mutation]
   764 | D        | Learned a level 4 spell: Passage of Golubria
   765 | D        | Noticed a redback
   767 | D        | Noticed a trapdoor spider
   778 | D        | Killed a trapdoor spider
   778 | D        | Acquired Dithmenos's third power
   912 | D        | Noticed a trapdoor spider
   924 | D        | Killed a trapdoor spider
   924 | D        | Reached skill level 5 in Ice Magic
   931 | D        | Killed a redback
   999 | D        | Noticed a killer bee
   999 | D        | Noticed a killer bee
   999 | D        | Noticed a killer bee
   999 | D        | Noticed a killer bee
   999 | D        | Noticed a killer bee
   999 | D        | Noticed a killer bee
   999 | D        | Noticed a killer bee
   999 | D        | Noticed a killer bee
   999 | D        | Noticed a killer bee
   999 | D        | Noticed a killer bee
   999 | D        | Noticed a killer bee
   999 | D        | Noticed a killer bee
   999 | D        | Noticed a killer bee
   999 | D        | Noticed a killer bee
   999 | D        | Noticed a killer bee
  1000 | D        | Noticed a killer bee
  1000 | D        | Noticed a queen bee
  1000 | D        | Noticed a killer bee
  1000 | D        | Noticed a killer bee
  1000 | D        | Noticed a killer bee
  1000 | D        | Noticed a killer bee
  1000 | D        | Noticed a killer bee
  1000 | D        | Noticed a killer bee
  1000 | D        | Noticed a killer bee
  1000 | D        | Noticed a killer bee
  1000 | D        | Noticed a killer bee
  1000 | D        | Noticed a killer bee
  1000 | D        | Noticed a killer bee
  1000 | D        | Noticed a killer bee
  1000 | D        | Noticed a killer bee
  1000 | D        | Noticed a killer bee
  1000 | D        | Noticed a killer bee
  1000 | D        | Noticed a killer bee
  1003 | D        | Killed a killer bee
  1010 | D        | Killed a killer bee
  1013 | D        | Killed a killer bee
  1015 | D        | Killed a killer bee
  1019 | D        | Killed a queen bee
  1021 | D        | Killed a killer bee
  1021 | D        | Acquired Dithmenos's fourth power
  1023 | D        | Killed a killer bee
  1025 | D        | Killed a killer bee
  1169 | D        | Killed a killer bee
  1169 | D        | Reached skill level 15 in Stealth
  1170 | D        | Killed a killer bee
  1334 | D        | Killed a killer bee
  1336 | D        | Killed a killer bee
  1344 | D        | Killed a killer bee
  1358 | D        | Killed a killer bee
  1377 | D        | Killed a killer bee
  1379 | D        | Killed a killer bee
  1405 | D        | Killed a killer bee
  1408 | D        | Killed a killer bee
  1411 | D        | Killed a killer bee
  1413 | D        | Killed a killer bee
  1417 | D        | Killed a killer bee
  1417 | D        | Reached XP level 10. HP: 39/39 MP: 12/27
  1423 | D        | Killed a killer bee
  1430 | D        | Killed a killer bee
  1432 | D        | Killed a killer bee
  1432 | D        | Reached skill level 5 in Conjurations
  1442 | D        | Killed a killer bee
  1459 | D        | Killed a killer bee
  1487 | D        | Killed a killer bee
  1493 | D        | Killed a killer bee
  1495 | D        | Killed a killer bee
  1497 | D        | Killed a killer bee
  1511 | D        | Killed a killer bee
  1636 | D        | Killed a killer bee
  1660 | D        | Killed a killer bee
  1744 | D        | Noticed a wandering mushroom
  1745 | D        | Noticed a wandering mushroom
  1745 | D        | Noticed a wandering mushroom
  1749 | D        | Killed a wandering mushroom
  1760 | D        | Killed a four-headed hydra
  1790 | D        | Killed a wandering mushroom
  1796 | D        | Killed a wandering mushroom
  1806 | D        | Killed an eight-headed hydra
  1887 | D        | Killed an electric eel
  1989 | D        | Noticed a spiny frog
  1989 | D        | Noticed a komodo dragon
  1989 | D        | Noticed a spiny frog
  1991 | D        | Killed a spiny frog
  1991 | D        | Reached skill level 16 in Stealth
  1991 | D        | Reached skill level 10 in Hexes
  1995 | D        | Killed a spiny frog
  2000 | D        | Killed a komodo dragon
  2063 | D        | Noticed a redback
  2065 | D        | Killed a redback
  2065 | D        | Reached skill level 15 in Dodging
  2066 | D        | Noticed a brain worm
  2069 | D        | Killed a brain worm
  2074 | D        | Noticed a brain worm
  2076 | D        | Killed a brain worm
  2079 | D        | Noticed a lindwurm
  2081 | D        | Noticed a redback
  2082 | D        | Killed a lindwurm
  2084 | D        | Killed a redback
  2089 | D        | Noticed a redback
  2090 | D        | Killed a redback
  2091 | D        | Noticed Maud
  2093 | D        | Killed Maud
  2093 | D        | Reached skill level 17 in Stealth
  2093 | D        | Reached XP level 11. HP: 42/42 MP: 29/29
  2108 | D        | Noticed a death drake
  2111 | D        | Killed a death drake
  2121 | D        | Found a blossoming altar of Fedhas.
  2121 | D        | Noticed a spriggan
  2121 | D        | Noticed a spriggan druid
  2121 | D        | Noticed a spriggan
  2123 | D        | Killed a spriggan druid
  2124 | D        | Killed a spriggan
  2125 | D        | Killed a spriggan
  2174 | D        | Noticed a water moccasin
  2174 | D        | Noticed a black mamba
  2176 | D        | Killed a water moccasin
  2176 | D        | Reached skill level 10 in Charms
  2176 | D        | Reached skill level 10 in Translocations
  2177 | D        | Killed a black mamba
  2226 | D        | Noticed an anaconda
  2226 | D        | Noticed a water moccasin
  2226 | D        | Noticed a water moccasin
  2227 | D        | Noticed an anaconda
  2228 | D        | Killed an anaconda
  2232 | D        | Killed a water moccasin
  2234 | D        | Killed a water moccasin
  2237 | D        | Killed an anaconda
  2237 | D        | Reached skill level 18 in Stealth
  2264 | D        | Noticed a naga
  2264 | D        | Noticed a naga
  2265 | D        | Noticed a naga warrior
  2265 | D        | Noticed a greater naga
  2265 | D        | Found Pasuch's Antique Weapon Shop.
  2265 | D        | Found Miphuq's Distillery.
  2265 | D        | Found Harphips's Jewellery Boutique.
  2266 | D        | Killed a naga
  2267 | D        | Killed a naga
  2269 | D        | Killed a naga warrior
  2270 | D        | Killed a greater naga
  2283 | D        | Noticed a guardian serpent
  2285 | D        | Killed a guardian serpent
  2288 | D        | Got a serpentine rune of Zot
  2367 | D        | Noticed a swamp drake
  2367 | D        | Noticed a fire drake
  2368 | D        | Killed a fire drake
  2370 | D        | Killed a swamp drake
  2377 | D        | Killed a yaktaur
  2380 | D        | Noticed a blink frog
  2380 | D        | Noticed a blink frog
  2381 | D        | Noticed a blink frog
  2381 | D        | Noticed a blink frog
  2381 | D        | Noticed a blink frog
  2390 | D        | Killed a blink frog
  2390 | D        | Reached skill level 10 in Short Blades
  2390 | D        | Reached skill level 15 in Spellcasting
  2394 | D        | Killed a blink frog
  2396 | D        | Killed a blink frog
  2399 | D        | Killed a blink frog
  2401 | D        | Killed a blink frog
  2401 | D        | Reached skill level 19 in Stealth
  2401 | D        | Reached XP level 12. HP: 17/45 MP: 8/32
  2588 | D        | Noticed Rupert
  2590 | D        | Killed Rupert
  2612 | D        | Noticed a death yak
  2613 | D        | Noticed a death yak
  2613 | D        | Noticed a blink frog
  2614 | D        | Noticed an azure jelly
  2614 | D        | Noticed a death yak
  2614 | D        | Noticed an azure jelly
  2614 | D        | Noticed a blink frog
  2614 | D        | Noticed a death yak
  2615 | D        | Killed a death yak
  2616 | D        | Killed a blink frog
  2617 | D        | Killed a death yak
  2618 | D        | Noticed a blink frog
  2618 | D        | Noticed a black mamba
  2619 | D        | Killed a death yak
  2620 | D        | Noticed a black mamba
  2640 | D        | Killed a blink frog
  2666 | D        | Killed a blink frog
  2671 | D        | Killed a black mamba
  2685 | D        | Killed a black mamba
  2688 | D        | Noticed an azure jelly
  2688 | D        | Noticed an azure jelly
  2703 | D        | Killed a death yak
  2703 | D        | Reached skill level 20 in Stealth
  2823 | D        | Noticed Polyphemus
  2824 | D        | Noticed Ilsuiw
  2825 | D        | Killed Polyphemus
  2870 | D        | Killed Ilsuiw
  2919 | D        | Found Acwaomis's Magic Scroll Shoppe.
  2919 | D        | Noticed a sea snake
  2921 | D        | Killed a sea snake
  2924 | D        | Found Geuj's Jewellery Boutique.
  2925 | D        | Found Ewutyrept's Antique Armour Emporium.
  2926 | D        | Noticed a merfolk javelineer
  2928 | D        | Killed a merfolk javelineer
  2941 | D        | Got a barnacled rune of Zot
  3014 | D        | Noticed an elephant
  3014 | D        | Noticed an elephant
  3014 | D        | Noticed a dire elephant
  3014 | D        | Noticed a dire elephant
  3014 | D        | Noticed Gastronok
  3038 | D        | Killed a dire elephant
  3096 | D        | Killed Gastronok
  3096 | D        | Reached skill level 21 in Stealth
  3096 | D        | Reached XP level 13. HP: 49/49 MP: 11/34
  3150 | D        | Killed an elephant
  3251 | D        | Killed an elephant
  3263 | D        | Killed a dire elephant
  3352 | D        | Found Vadabag's Magic Scroll Shoppe.
  3352 | D        | Noticed an orc wizard
  3352 | D        | Noticed an orc high priest
  3352 | D        | Noticed an orc wizard
  3354 | D        | Noticed an orc wizard
  3354 | D        | Noticed an orc wizard
  3357 | D        | Killed an orc high priest
  3358 | D        | Killed an orc wizard
  3363 | D        | Killed an orc wizard
  3365 | D        | Killed an orc wizard
  3366 | D        | Killed an orc wizard
  3484 | D        | Noticed a deep elf knight
  3484 | D        | Noticed a deep elf priest
  3484 | D        | Noticed a deep elf priest
  3484 | D        | Noticed a deep elf conjurer
  3484 | D        | Noticed a deep elf conjurer
  3497 | D        | Killed a deep elf knight
  3499 | D        | Killed a deep elf conjurer
  3505 | D        | Killed a deep elf conjurer
  3506 | D        | Killed a deep elf priest
  3508 | D        | Killed a deep elf priest
  3549 | D        | Noticed a deep elf annihilator
  3555 | D        | Noticed a deep elf demonologist
  3650 | D        | Noticed Sigmund
  3650 | D        | Noticed Edmund
  3652 | D        | Killed Sigmund
  3653 | D        | Killed Edmund
  3662 | D        | Noticed an orc high priest
  3662 | D        | Noticed an orc high priest
  3663 | D        | Noticed an orc priest
  3663 | D        | Noticed an orc priest
  3664 | D        | Killed an orc high priest
  3666 | D        | Killed an orc priest
  3667 | D        | Killed an orc high priest
  3669 | D        | Killed an orc priest
  3710 | D        | Noticed a spriggan defender
  3711 | D        | Noticed a spriggan defender
  3711 | D        | Noticed a spriggan defender
  3711 | D        | Noticed a spriggan defender
  3714 | D        | Killed a spriggan defender
  3714 | D        | Reached skill level 22 in Stealth
  3715 | D        | Killed a spriggan defender
  3717 | D        | Killed a spriggan defender
  3718 | D        | Killed a spriggan defender
  3780 | D        | Noticed a slime creature
  3791 | D        | Killed a slime creature
  3813 | D        | Identified a +1 rod of inaccuracy (11/11) (You found it in the Dungeon)
  3824 | D        | Noticed a centaur warrior
  3828 | D        | Killed a centaur warrior
  3836 | D        | Noticed a fire dragon
  3838 | D        | Killed a fire dragon
  3849 | D        | Noticed a slime creature
  3849 | D        | Noticed a green ugly thing
  3851 | D        | Killed a green ugly thing
  3853 | D        | Killed a slime creature
  3907 | D        | Noticed a hand axe of distortion
  3907 | D        | Noticed a long sword of slicing
  3908 | D        | Noticed a mace of protection
  3909 | D        | Noticed a scimitar of slicing
  3910 | D        | Killed a long sword of slicing
  3913 | D        | Killed a scimitar of slicing
  3917 | D        | Killed a hand axe of distortion
  4044 | D        | Killed a mace of protection
  4125 | D        | Noticed an obsidian statue
  4134 | D        | Killed an obsidian statue
  4147 | D        | Found Bufeb's Magic Scroll Emporium.
  4147 | D        | Found Ajifid's Gadget Shop.
  4147 | D        | Found Huwneica's Food Boutique.
  4147 | D        | Found Qogholl's Book Shoppe.
  4147 | D        | Found Yrerif's Jewellery Boutique.
  4147 | D        | Found Oskisap's Food Emporium.
  4147 | D        | Found Vireasat's Assorted Antiques.
  4147 | D        | Found Xuwk's Gadget Shop.
  4147 | D        | Found Teitosk's Distillery.
  4147 | D        | Found Woopaax's Assorted Antiques.
  4147 | D        | Found Gutyeq's Antique Armour Emporium.
  4147 | D        | Found Kotev's Antique Weapon Boutique.
  4312 | D        | Killed a deep elf annihilator
  4313 | D        | Noticed a deep elf conjurer
  4319 | D        | Killed a deep elf demonologist
  4320 | D        | Noticed a deep elf demonologist
  4321 | D        | Noticed a deep elf high priest
  4428 | D        | Killed a deep elf conjurer
  4459 | D        | Killed a deep elf demonologist
  4459 | D        | Reached skill level 23 in Stealth
  4537 | D        | Noticed a deep elf master archer
  4824 | D        | HP: 2/49 [deep elf high priest/a malign offering (7)]
  5253 | D        | Killed a deep elf high priest
  5253 | D        | Reached XP level 14. HP: 29/53 MP: 26/37
  5261 | D        | Got a flickering wooden ring
  5263 | D        | Identified the ring of the Lost Wishes {rPois rF- MP+9 Dex+3} (You took it off a deep elf high priest in the Dungeon)
  5396 | D        | Noticed a deep elf high priest
  5402 | D        | Killed a deep elf high priest
  5407 | D        | Got a crude scale mail
  5927 | D        | Shot with an arrow by a deep elf master archer

Vault maps used:
D:        dungeon_sprint_mu

Action                   |  1- 3 |  4- 6 |  7- 9 | 10-12 | 13-15 || total
-------------------------+-------+-------+-------+-------+-------++-------
Melee: Dagger            |    11 |     7 |    41 |   113 |    67 ||   239
 Cast: Ensorcelled Hiber |     2 |     1 |    25 |    21 |    10 ||    59
       Dazzling Spray    |       |     1 |    13 |    48 |    64 ||   126
       Apportation       |       |       |       |     1 |    14 ||    15
       Tukima's Dance    |       |       |       |     5 |       ||     5
       Shroud of Golubri |       |       |       |     2 |     5 ||     7
Invok: Shadow Step       |       |       |       |    15 |     4 ||    19
  Use: Scroll            |       |     4 |       |       |     1 ||     5
       Potion            |       |     3 |     1 |     3 |     2 ||     9
 Stab: Sleeping          |     5 |     7 |    27 |    57 |    23 ||   119
       Invisible         |       |       |     5 |     7 |     7 ||    19
  Eat: Bread ration      |       |       |       |     1 |       ||     1
